 Dungeon Sprint DCSS version 0.03.2.1-39-gc08451f611 (webtiles) character file.

Game seed: 12006212918355858921, levelgen mode: deterministic

2811 esc the Crack Shot (level 9, -1/67 HPs) Centaur Hunter. Began on Jan 24, 2021. Was an Initiate of Gozag Ym Sagoz. Slain by a demonic crawler (5 damage) ... in the Dungeon (Sprint I: "Red Sonja"). The game lasted 00:04:27 (691 turns).

esc the Crack Shot (Centaur Hunter)                  Turns: 691, Time: 00:04:28

Health: -1/67      AC:  4    Str: 20    XL:     9 ^: 1512
Magic:  0/18       EV:  9    Int: 10    God:    Gozag Ym Sagoz
Gold:   1534       SH:  0    Dex: 12    Spells: 8/8 levels left

rFire    x . .     Vision   .   l - +5 longbow (molten)
rCold    . . .     Gourm    .   (also wielding the above weapon)
rNeg     . . .     Faith    .   c - +0 leather armour
rPois    .         Spirit   +   (no helmet)
rElec    .         Reflect  .   (no cloak)
rCorr    .         Harm     .   (no gloves)
MR       .....     NoTele   +   (no barding)
Stlth    +.........             n - amulet "Foaby" {Spirit rF- MP+9 Str+4 Slay+5}
HPRegen  0.32/turn              (no ring)
MPRegen  0.28/turn              (no ring)

@: gold aura, hasted, very quick
A: large, hooves 3, deformed body, speed 2, tough skin 3
a: Potion Petition, Call Merchant, Bribe Branch, Renounce Religion


You were in the Dungeon.
You worshipped Gozag Ym Sagoz.
Gozag Ym Sagoz was most pleased with you.
You were not hungry.

You visited 1 branch You collected 1534 gold pieces.

Inventory:

Weapons
 l - a +5 longbow of molten steel (weapon)
Armour
 c - a +0 leather armour (worn)
Jewellery
 n - the amulet "Foaby" (around neck) {Spirit rF- MP+9 Str+4 Slay+5}
   (You acquired it in the Dungeon)

   [amulet of guardian spirit]

   It causes incoming damage to be split between your health and magic.
   It affects your strength (+4).
   It affects your accuracy and damage with ranged weapons and melee attacks
   (+5).
   It makes you vulnerable to fire.
   It affects your magic capacity (+9).
Wands
 a - a wand of hasting (5)
 k - a wand of ensnaring
 m - a wand of disintegration (13)
Scrolls
 b - a scroll of amnesia
 j - a scroll of blinking
Potions
 e - 4 potions of curing
 f - a potion of heal wounds
 h - 2 potions of magic
 i - a potion of berserk rage
Comestibles
 d - 2 rations


   Skills:
 - Level 2.0 Fighting
 + Level 24.8 Bows
 - Level 1.3 Dodging
 - Level 0.4 Stealth


You had 8 spell levels left.
You didn't know any spells.
Your spell library was empty.

Dungeon Overview and Level Annotations

Branches:
Dungeon (1/1)

Altars:
Cheibriados
Dithmenos
Elyvilon
Fedhas Madash
Gozag Ym Sagoz
Hepliaklqana
Kikubaaqudgha
Makhleb
Nemelex Xobeh
Okawaru
Qazlal
Ru
Sif Muna
Trog
Uskayaw
Vehumet
Wu Jian
Xom
Yredelemnul
Zin
The Shining One
Jiyva
Lugonu

Shops:
D :[


Innate Abilities, Weirdness & Mutations

You have hooves in place of feet.
Armour fits poorly on your strangely shaped body.
You cover ground very quickly.
You have extremely tough skin. (AC +3)


Message History

You kill the demonic crawler!
Aiming:
l - a +5 longbow of molten steel, Range: 1 (25%)
Press: ? - help, Shift-Dir - straight line, f - demonic crawler
Aim: a demonic crawler (healthy (56/56), clinging)
You shoot an arrow. The arrow hits the demonic crawler (4).
The arrow burns the demonic crawler (2).
The demonic crawler is lightly wounded. (50/56) HP The demonic crawler hits you (6).
* * * LOW HITPOINT WARNING * * *
The demonic crawler hits you (8)!
* * * LOW HITPOINT WARNING * * *
The demonic crawler hits you (1).
* * * LOW HITPOINT WARNING * * *
The demonic crawler hits you (8)!
* * * LOW HITPOINT WARNING * * *
The demonic crawler hits you (4).
* * * LOW HITPOINT WARNING * * *
The demonic crawler hits you (7)!
You die...
Your body crumbles into a pile of gold.

###################
#<.#..'..#..'..#__#
#..'.s#..[ss#..'^.s
#..#####'#####'#__#
#..####..#...#)####
#.s#__####..##.#≈≈§
#s$#_____##'#_.'§≈≈
#s@#_.∩...'..._#≈≈§
####_..__##_.#'##'#
$$#_____###'#.#§..
#########.####'#
+...'.§.§ #...#####
###.### #)#'#.#
#.....#


You could see 3 demonic crawlers.

Vanquished Creatures
  A deep troll (D)
  2 centaur warriors (D)
  2 kobold demonologists (D)
  A demonic crawler (D)
  Sigmund (D)
  A yak (D)
  A slime creature (D)
  A floating eye (D)
  An ogre (D)
  Ijyb (D)
  A jelly (D)
  4 ballistomycetes (D)
17 creatures vanquished.

Vanquished Creatures (others)
  Sonja (D)
  2 ballistomycete spores (D)
3 creatures vanquished.

Grand Total: 20 creatures vanquished

Notes
Turn   | Place    | Note
-------+----------+-------------------------------------------
     0 | D        | esc the Centaur Hunter began the quest for the Orb.
     0 | D        | Reached XP level 1. HP: 17/17 MP: 1/1
     1 | D        | Noticed Ijyb
    30 | D        | Killed Ijyb
    30 | D        | Reached skill level 11 in Bows
    30 | D        | Reached XP level 2. HP: 24/24 MP: 2/2
    30 | D        | Reached XP level 3. HP: 29/29 MP: 3/3
    30 | D        | Reached XP level 4. HP: 36/36 MP: 4/4
    38 | D        | Noticed an ogre
    44 | D        | Killed an ogre
    44 | D        | Reached skill level 13 in Bows
    44 | D        | Reached XP level 5. HP: 41/41 MP: 5/5
    59 | D        | Noticed Sigmund
    68 | D        | Killed Sigmund
    68 | D        | Reached skill level 16 in Bows
    68 | D        | Reached XP level 6. HP: 30/48 MP: 6/6
   147 | D        | Found an ornate altar of the Wu Jian Council.
   147 | D        | Found a shimmering blue altar of Sif Muna.
   149 | D        | Found a radiant altar of Vehumet.
   179 | D        | Found Yllo's Book Emporium.
   179 | D        | Found an ancient bone altar of Kikubaaqudgha.
   179 | D        | Found a hazy altar of Hepliaklqana.
   179 | D        | Found a stormy altar of Qazlal.
   179 | D        | Found a hide-covered altar of Uskayaw.
   179 | D        | Found a blossoming altar of Fedhas.
   179 | D        | Found a bloodstained altar of Trog.
   179 | D        | Found an iron altar of Okawaru.
   179 | D        | Found a basalt altar of Yredelemnul.
   179 | D        | Found a glowing golden altar of the Shining One.
   179 | D        | Found a snail-covered altar of Cheibriados.
   179 | D        | Found a sacrificial altar of Ru.
   179 | D        | Found a glowing silver altar of Zin.
   179 | D        | Found a shadowy altar of Dithmenos.
   179 | D        | Found a white marble altar of Elyvilon.
   179 | D        | Noticed a yak
   199 | D        | Killed a yak
   199 | D        | Reached skill level 18 in Bows
   215 | D        | Found an opulent altar of Gozag.
   216 | D        | Found a sparkling altar of Nemelex Xobeh.
   220 | D        | Became a worshipper of Gozag Ym Sagoz the Greedy
   226 | D        | Noticed Sonja
   344 | D        | Identified 2 scrolls of acquirement
   491 | D        | Identified the ring of Wilausopt {+Blink +Inv rPois EV+5}
                  | (You acquired it in the Dungeon)
   491 | D        | Identified the +5 staff of Emebat Fack {flay, poison;
                  | Fragile rPois rC+ rN++ Dex+4} (You acquired it in the
                  | Dungeon)
   492 | D        | Identified the amulet "Foaby" {Spirit rF- MP+9 Str+4
                  | Slay+5} (You acquired it in the Dungeon)
   492 | D        | Identified the +11 shortbow of Cheese {velocity, rN+ MP+9
                  | Int+4} (You acquired it in the Dungeon)
   560 | D        | Noticed a deep troll
   562 | D        | Killed a deep troll
   562 | D        | Reached skill level 20 in Bows
   562 | D        | Reached XP level 7. HP: 55/55 MP: 7/7
   573 | D        | Found Sowipp's Armour Emporium.
   594 | D        | Noticed a centaur warrior
   601 | D        | Killed a centaur warrior
   601 | D        | Reached skill level 22 in Bows
   601 | D        | Reached XP level 8. HP: 61/61 MP: 8/8
   603 | D        | Noticed a centaur warrior
   604 | D        | Killed a centaur warrior
   604 | D        | Reached skill level 23 in Bows
   624 | D        | Found a burning altar of Makhleb.
   624 | D        | Found a viscous altar of Jiyva.
   624 | D        | Found a shimmering altar of Xom.
   624 | D        | Found a corrupted altar of Lugonu.
   625 | D        | Reached XP level 9. HP: 67/67 MP: 9/9
   629 | D        | Killed Sonja
   644 | D        | Noticed a kobold demonologist
   645 | D        | Killed a kobold demonologist
   645 | D        | Reached skill level 24 in Bows
   691 | D        | Slain by a demonic crawler

Levels and vault maps discovered:
D:        dungeon_sprint_1 [red_sonja_temple_1, red_sonja_temple_small_1]

Skill      XL: |  1  2  3  4  5  6  7  8  9 |
---------------+----------------------------+-----
Bows           | 11 13 16 20 22 23 24 | 24.8
Fighting       | |  2.0
Dodging        | |  1.3
Stealth        | |  0.4

Action                   |  1- 3 |  4- 6 |  7- 9 || total
-------------------------+-------+-------+-------++-------
 Fire: Shortbow          |    10 |    39 |       ||    49
       Longbow           |       |     2 |    15 ||    17
Evoke: Wand              |       |       |     1 ||     1
  Use: Scroll            |       |     2 |     1 ||     3
       Potion            |       |       |     1 ||     1
Armor: Leather armour    |       |       |     3 ||     3
Dodge: Dodged            |     7 |     1 |     2 ||    10
